 Dungeon Crawl Stone Soup version 0.30-a0-137-gd8773701ce (webtiles) character file.

Game seed: 1705899829529184309

48 blackman the Grave Robber (level 3, -1/19 HPs)
             Began as a Deep Elf Necromancer on Sept 21, 2022.
             Slain by a goblin
             ... wielding a +0 dagger
             ... led by Robin
              (3 damage)
             ... on level 2 of the Dungeon.
             The game lasted 00:07:59 (1985 turns).

blackman the Grave Robber (Deep Elf Necromancer)    Turns: 1985, Time: 00:07:59

Health: -1/19      AC:  2    Str:  5    XL:     3   Next: 50%
Magic:  3/10       EV: 12    Int: 21    God:
Gold:   54         SH:  0    Dex: 15    Spells: 9/10 levels left

rFire   . . .      SeeInvis .    (no weapon)
rCold   . . .      Faith    .    (no shield)
rNeg    . . .      Spirit   .    a - +0 robe
rPois   .          Reflect  .    (no helmet)
rElec   .          Harm     .    (no cloak)
rCorr   .          Rampage  .    (no gloves)
Will    .....                    (no boots)
Stlth   ++........               (no amulet)
HPRegen 0.06/turn                (no ring)
MPRegen 0.12/turn                (no ring)

@: hasted, very quick
A: no striking features
a: no special abilities


You were on level 2 of the Dungeon.
You visited 1 branch of the dungeon, and saw 2 of its levels.

You collected 54 gold pieces.

Inventory:

Missiles
 e - a throwing net
 j - 4 poisoned darts
Armour
 a - a +0 robe (worn)
Scrolls
 d - a scroll of identify {unknown}
 g - 2 scrolls of teleportation {unknown}
 h - a scroll of summoning {unknown}
Potions
 b - 2 potions of magic
 c - a potion of haste
 f - a potion of mutation {unknown}
 i - a potion of ambrosia {unknown}
 k - a potion of curing {unknown}


   Skills:
 - Level 2.4 Dodging
 - Level 2.4 Stealth
 + Level 4.4 Spellcasting
 + Level 5.6 Necromancy


You had 9 spell levels left.
You knew the following spells:

 Your Spells              Type           Power      Damage    Failure   Level
a - Necrotise             Necr           100%       1d9       1%          1

Your spell library contained the following spells:

 Spells                   Type           Power      Damage    Failure   Level
 Vampiric Draining        Necr           28%        2d8       3%          3
 Animate Dead             Necr           28%        N/A       11%         4
 Agony                    Necr           28%        N/A       30%         5


Dungeon Overview and Level Annotations

Branches:
Dungeon (2/15)

Altars:

Annotations:
D:2 Robin


Message History

The goblin closely misses you.
Your goblin skeleton barely misses Robin.
The goblin barely misses you. Robin throws the goblin at you!
The goblin hits you with a +0 dagger.
Casting: Necrotise (safe; 1% risk of failure)
Confirm with . or Enter, or press ? or * to list all spells.
Aiming: Necrotise (safe; 1% risk of failure)
Press: ? - help, Shift-Dir - straight line, f - goblin
Aim: a goblin, wielding a +1 dagger of electrocution (chance to affect: 93%)
The goblin writhes in agony.
The goblin hits you with a +0 club. The goblin closely misses you.
The goblin barely misses you. The goblin hits you with a +0 dagger.
Robin hits your goblin skeleton with a +0 whip!
Your goblin skeleton is destroyed!
You swap places.
Your goblin skeleton hits the goblin.
The goblin hits your goblin skeleton with a +1 dagger of electrocution.
The goblin hits your goblin skeleton with a +0 dagger.
The goblin barely misses something.
The goblin hits your goblin skeleton with a +0 club.
Your goblin skeleton is destroyed!
The goblin hits you with a +0 dagger.
* * * LOW HITPOINT WARNING * * *
Casting: Necrotise (safe; 1% risk of failure)
Confirm with . or Enter, or press ? or * to list all spells.
Aiming: Necrotise (safe; 1% risk of failure)
Press: ? - help, Shift-Dir - straight line, f/p - goblin
Aim: a goblin, wielding a +1 dagger of electrocution (moderately wounded, chance to affect: 93%)
The goblin writhes in agony.
You kill the goblin!
The dead are walking!
The goblin hits your goblin skeleton with a +0 club.
Your goblin skeleton hits the goblin.
Robin hits your goblin skeleton with a +0 whip.
Your goblin skeleton is destroyed!
The goblin hits you with a +0 dagger.
* * * LOW HITPOINT WARNING * * *
It was a potion of haste.
You feel yourself speed up.
The goblin hits your goblin skeleton with a +0 club.
The goblin hits you with a +0 dagger.
You die...

#.# #..........#
#.# #.##########
##.#######.########
#..##..............
#..##......#.......
#..##......+Z.)....
#..##......#.g.....
#..##.....g#Zg.....
#.....)...@gg.)....
#..#######g#.Z.....
#..# #.###+#...
#..# ... . #..#
##.## #... ... ##.#
##. #.# .


You could see Robin, 5 goblins and 2 friendly goblin skeletons.

Vanquished Creatures
  2 worms (D:2)
  3 endoplasms
  A giant cockroach (D:1)
  9 goblins
  2 hobgoblins (D:1)
  4 kobolds
  2 quokkas
  5 ball pythons
  4 bats
  A frilled lizard (D:1)
  5 rats
38 creatures vanquished.

Vanquished Creatures (collateral kills)
  An endoplasm (D:1)
  A bat (D:1)
2 creatures vanquished.

Grand Total: 40 creatures vanquished

Notes
Turn   | Place    | Note
-------+----------+-------------------------------------------
     0 | D:1      | blackman the Deep Elf Necromancer began the quest for the
                  | Orb.
     0 | D:1      | Reached XP level 1. HP: 10/10 MP: 6/6
   143 | D:1      | Reached skill level 5 in Necromancy
   277 | D:1      | Reached XP level 2. HP: 15/15 MP: 3/8
  1435 | D:2      | Reached XP level 3. HP: 19/19 MP: 7/10
  1975 | D:2      | Noticed Robin
  1985 | D:2      | Slain by a goblin

Illustrated notes

Levels and vault maps discovered:
D:1:      roderic_chinese_lattice_arrival, layout_rooms, hangedman_glass_teeth,
          chequers_serial_rivers_room_b, st_stairs_5, grunt_decor_junction,
          minmay_liquid_box
D:2:      layout_basic, uniq_crazy_yiuf_cottage, uniq_robin

Skill      XL: |  1  2 |
---------------+-------+-----
Necromancy     | 5 |  5.6
Spellcasting   | 4 |  4.4
Dodging        | |  2.4
Stealth        | |  2.4

Action                   || total
-------------------------++-------
Melee: Unarmed           ||     4
 Cast: Necrotise         ||    74
  Use: Potion            ||     1
 Stab: Sleeping          ||     1
Armor: Robe              ||     4
Dodge: Dodged            ||    18

Table legend: (Time is in decaauts)
 A = Elapsed time spent in this place.
 B = Non-inter-level travel time spent in this place.
 C = Inter-level travel time spent in this place.
 D = Time resting spent in this place.
 E = Time spent auto-exploring this place.
 F = Levels seen in this place.
 G = Mean time per level.
                   A        B        C        D        E       F      G
               +--------+--------+--------+--------+--------+-----+--------+
         Total |   1987 |   1946 |     41 |    244 |   1501 |   2 |  993.5 |
       Dungeon |   1987 |   1946 |     41 |    244 |   1501 |   2 |  993.5 |
               +--------+--------+--------+--------+--------+-----+--------+

Top non-repeatable levels by time:
     D:1: 1057 daAuts
     D:2: 929 daAuts
